 Dungeon Crawl Stone Soup version 0.25-a0-346-g140ab784a8 (webtiles) character file.

Game seed: 10889270201229968185, levelgen mode: classic

19179 Borgoz the Basher (level 12, -5/80 HPs)
             Began as a Gargoyle Fighter on Jan 1, 2020.
             Was a Believer of Ashenzari.
             Killed from afar by a gargoyle (7 damage)
             ... with a stone arrow
             ... on level 12 of the Dungeon.
             The game lasted 00:18:18 (12232 turns).

Borgoz the Basher (Gargoyle Fighter)               Turns: 12232, Time: 00:18:19

Health: -5/80      AC: 26    Str: 22    XL:     12   Next: 66%
Magic:  0/12       EV:  7    Int: 11    God:    Ashenzari [**....]
Gold:   398        SH: 11    Dex: 10    Spells: 11/11 levels left

rFire    . . .     SeeInvis .   A - +2 morningstar (vamp)
rCold    . . .     Gourm    .   c - +0 shield
rNeg     + . .     Faith    .   t - +0 plate armour
rPois    ∞         Spirit   .   w - +0 helmet
rElec    +         Reflect  .   (no cloak)
rCorr    .         Harm     .   (no gloves)
MR       .....                  s - +0 pair of boots
Stlth    ..........             (no amulet)
HPRegen  0.23/turn              (no ring)
MPRegen  0.13/turn              (no ring)

@: berserk cooldown, slowed, invisible, very slow
A: negative energy resistance 1, electricity resistance, unbreathing,
petrification resistance, rot immunity, AC +8
a: Curse Item, Scrying, Renounce Religion


You were on level 12 of the Dungeon.
You worshipped Ashenzari.
Ashenzari was pleased with you.
You were very hungry.

You visited 2 branches of the dungeon, and saw 13 of its levels.
You also visited: Sewer.

You collected 686 gold pieces.
You spent 288 gold pieces at shops.

Inventory:

Hand Weapons
 A - a +2 vampiric morningstar (weapon)
Armour
 c - a +0 shield (worn)
 s - a +0 pair of boots (worn)
 t - a +0 plate armour (worn)
 w - a +0 helmet (worn)
Wands
 u - a wand of flame (41)
 v - a wand of scattershot (7)
 G - a wand of iceblast (9)
Scrolls
 j - 6 scrolls of teleportation {unknown}
 k - 13 scrolls of remove curse
 m - 2 scrolls of fear {unknown}
 o - 3 scrolls of blinking {unknown}
 p - 4 scrolls of enchant armour {unknown}
 q - a scroll of identify
 y - a scroll of acquirement {unknown}
 B - a scroll of vulnerability {unknown}
 C - a scroll of magic mapping {unknown}
Potions
 a - 2 potions of lignification
 d - 5 potions of might
 e - 5 potions of curing
 h - 4 potions of mutation
 i - a potion of haste
 l - 2 potions of berserk rage
 n - 4 potions of brilliance
 x - a potion of resistance
 D - a potion of flight
Comestibles
 f - 20 rations


   Skills:
 + Level 11.1 Fighting
 + Level 12.0 Maces & Flails
 + Level 11.1 Armour
 + Level 5.5 Dodging
 + Level 8.2 Shields


You had 11 spell levels left.
You didn't know any spells.
Your spell library contained the following spells:

 Spells                   Type           Power        Failure   Level  Hunger
 Shock                    Conj/Air       #...         100%        1    ##.....
 Swiftness                Chrm/Air       #.......     100%        2    ###....
 Static Discharge         Conj/Air       #.......     100%        3    ####...
 Airstrike                Air            #.........   100%        4    #####..
 Lightning Bolt           Conj/Air       #.........   100%        5    ######.


Dungeon Overview and Level Annotations

Branches:
Dungeon (12/15)            Temple (1/1) D:7            Lair (0/6) D:11
    Orc (0/2) D:10          Sewer (visited)

Altars:
Ashenzari
Cheibriados
Dithmenos
Elyvilon
Fedhas
Gozag
Hepliaklqana
Kikubaaqudgha
Makhleb
Nemelex Xobeh
Okawaru
Qazlal
Ru
Sif Muna
Trog
Uskayaw
Vehumet
Wu Jian
Xom
Yredelemnul
Zin
The Shining One
Beogh

Shops:
D:7 *

Annotations:
D:9 3 runed translucent doors, p0werm0de's ghost, novice TeCj
D:10 2 transporters, Shadow153's ghost, journeyman MiFi


Innate Abilities, Weirdness & Mutations

You are resistant to torment.
Your stone body is resilient. (AC +8)
You are immune to poison.
You resist negative energy. (rN+)
You are resistant to electric shocks. (rElec)
You can survive without breathing.
You are immune to petrification.
You are immune to rotting.


Message History

The gargoyle hurls a stone arrow at you.
The stone arrow hits you.
* * * LOW HITPOINT WARNING * * *
Okay, then.
Okay, then.
You feel better.
The gargoyle hits you with a +0 morningstar.
* * * LOW HITPOINT WARNING * * *
The phantom closely misses you.
You feel better.
The gargoyle hurls a stone arrow at you.
The stone arrow hits you!
* * * LOW HITPOINT WARNING * * *
The phantom hits you but does no damage.
The eye of draining gazes at you.
You feel your power leaking away.
You fade into invisibility!
The gargoyle hurls a stone arrow at you.
The stone arrow hits you!
You die...

, *
######..............####.
,, ,
*..........####....##.###..
*.#######..................
##....#............ , , *
#..........#.#####
#.......#.##..####
####.....#...###..#.. ,, ,*
**#....W(.....####..... ,
#...#.@9..#...###......
*#.#...#G..#.###........ *
* .....###...#[...........
, .....* ......####..)..<.
, .... ......# #....... ,
*... , ......# #....... . ,
.......# #....... * * * ,
.....# ##...... , , ,*
##.....


You could see an eye of draining, a phantom and a gargoyle.

Vanquished Creatures
  A hydra (D:11)
  A catoblepas (D:12)
  A two-headed ogre (D:11)
  Nergalle (D:10)
  An unseen horror (D:11)
  Pikel (D:7)
  2 cyclopes (D:12)
  3 centaur skeletons
  A komodo dragon (D:12)
  3 meliai (D:12)
  A troll (D:11)
  A hornet (D:7)
  5 slime creatures
  A meliai zombie (D:11)
  Sigmund (D:4)
  2 vampires
  A shadow (D:11)
  2 wyverns
  A wyvern (shapeshifter) (D:12)
  19 yaks
  A human (D:9)
  2 basilisks (D:12)
  3 hogs (D:9)
  3 hungry ghosts (D:12)
  An acid dragon (D:11)
  Purgy (Sewer)
  2 orc warriors (D:8)
  4 slaves (D:7)
  An eye of draining (D:11)
  3 ice beasts
  A sky beast (D:6)
  A black bear (D:7)
  2 phantoms
  A necrophage (D:9)
  7 ogres
  4 centaurs
  Blork the orc (D:4)
  7 bullfrogs
  7 earth elementals (D:12)
  5 scorpions
  14 killer bees
  5 howler monkeys
  6 centaur zombies
  A crimson imp (D:9)
  3 quasits
  3 jellies
  8 orc priests
  A bullfrog skeleton (D:8)
  4 orc wizards
  7 hounds
  5 iguanas
  8 worker ants
  5 hound skeletons
  A howler monkey zombie (D:4)
  8 adders
  A howler monkey skeleton (D:4)
  2 shadow imps
  2 oozes (D:3)
  An adder skeleton (D:4)
  3 worms
  2 dart slugs
  7 leopard geckos
  47 orcs
  8 giant cockroaches
  10 goblins
  5 hobgoblins
  7 jackals
  7 quokkas
  2 ball pythons
  14 bats
  4 frilled lizards
  A giant cockroach zombie (D:6)
  A jackal zombie (D:6)
  12 kobolds
  A quokka skeleton (D:7)
  7 rats
329 creatures vanquished.

Notes
Turn   | Place    | Note
-------+----------+-------------------------------------------
     0 | D:1      | Borgoz the Gargoyle Fighter began the quest for the Orb.
     0 | D:1      | Reached XP level 1. HP: 14/14 MP: 1/1
   167 | D:1      | Reached XP level 2. HP: 19/19 MP: 2/2
   462 | D:1      | Reached XP level 3. HP: 23/23 MP: 3/3
   674 | D:1      | Reached skill level 3 in Maces & Flails
  1130 | D:2      | Found an ornate altar of the Wu Jian Council.
  1191 | D:2      | Reached XP level 4. HP: 27/29 MP: 4/4
  1537 | D:2      | Found a basalt altar of Yredelemnul.
  2463 | D:3      | Found an opulent altar of Gozag.
  2539 | D:3      | Found a shattered altar of Ashenzari.
  2539 | D:3      | Found a shadowy altar of Dithmenos.
  2626 | D:3      | Reached XP level 5. HP: 27/33 MP: 5/5
  2686 | D:3      | Became a worshipper of Ashenzari the Shackled
  2817 | D:4      | Noticed Blork the orc
  2835 | D:4      | Killed Blork the orc
  2835 | D:4      | Reached skill level 4 in Maces & Flails
  3304 | D:4      | Noticed Sigmund
  3322 | D:4      | Killed Sigmund
  3322 | D:4      | Reached skill level 5 in Maces & Flails
  3322 | D:4      | Reached XP level 6. HP: 36/40 MP: 6/6
  3423 | D:4      | Reached skill level 5 in Armour
  3456 | D:4      | Reached skill level 5 in Fighting
  3456 | D:4      | Reached XP level 7. HP: 44/44 MP: 7/7
  3914 | D:5      | Entered Level 5 of the Dungeon
  3936 | D:5      | Found a stormy altar of Qazlal.
  4052 | D:5      | Reached skill level 6 in Maces & Flails
  4943 | D:6      | Found a glowing drain.
  4947 | Sewer    | Entered a sewer
  4992 | Sewer    | Noticed Purgy
  5005 | Sewer    | Killed Purgy
  5005 | Sewer    | Reached XP level 8. HP: 51/51 MP: 8/8
  5266 | D:6      | Reached skill level 7 in Maces & Flails
  5406 | D:6      | Reached * piety under Ashenzari
  5527 | D:6      | Found a glowing silver altar of Zin.
  6143 | D:7      | Found Ufoop's General Store.
  6155 | D:7      | Bought a +2 vampiric morningstar for 288 gold pieces
  6247 | D:7      | Found a bloodstained altar of Trog.
  6261 | D:7      | Found a basalt altar of Yredelemnul.
  6266 | D:7      | Noticed a hornet
  6267 | D:7      | Noticed Pikel
  6306 | D:7      | Killed a hornet
  6306 | D:7      | Reached skill level 8 in Maces & Flails
  6306 | D:7      | Reached XP level 9. HP: 26/57 MP: 9/9
  6363 | D:7      | Killed Pikel
  6363 | D:7      | Reached skill level 9 in Maces & Flails
  6504 | D:7      | Found a staircase to the Ecumenical Temple.
  6530 | Temple   | Entered the Ecumenical Temple
  7307 | D:7      | Found a snail-covered altar of Cheibriados.
  7310 | D:7      | Found a shimmering blue altar of Sif Muna.
  7545 | D:8      | Found an opulent altar of Gozag.
  7759 | D:8      | Reached skill level 10 in Maces & Flails
  7759 | D:8      | Reached XP level 10. HP: 62/64 MP: 10/10
  7902 | D:8      | Found a roughly hewn altar of Beogh.
  8226 | D:9      | Reached ** piety under Ashenzari
  8581 | D:9      | Found a runed translucent gate.
  8582 | D:9      | Found a runed translucent gate.
  8583 | D:9      | Found a runed translucent gate.
  8585 | D:9      | Noticed p0werm0de's ghost (novice TeCj)
  8605 | D:9      | Reached skill level 1 in Dodging
  8926 | D:10     | Entered Level 10 of the Dungeon
  8926 | D:10     | Noticed Nergalle
  8948 | D:10     | Killed Nergalle
  9183 | D:10     | Found a transporter.
  9185 | D:10     | Found a transporter.
  9186 | D:10     | Noticed Shadow153's ghost (journeyman MiFi)
  9289 | D:10     | Found a staircase to the Orcish Mines.
  9372 | D:10     | Reached skill level 5 in Shields
  9449 | D:10     | Reached XP level 11. HP: 71/71 MP: 11/11
  9496 | D:10     | Reached skill level 11 in Maces & Flails
 10140 | D:11     | Killed an unseen horror
 10160 | D:11     | Noticed a two-headed ogre
 10177 | D:11     | Killed a two-headed ogre
 10177 | D:11     | Reached skill level 10 in Fighting
 10177 | D:11     | Reached skill level 10 in Armour
 10316 | D:11     | Found a staircase to the Lair.
 10421 | D:11     | Noticed a four-headed hydra
 10437 | D:11     | Killed a four-headed hydra
 10906 | D:12     | Reached XP level 12. HP: 78/78 MP: 12/12
 11162 | D:12     | Reached skill level 5 in Dodging
 11735 | D:12     | Noticed a catoblepas
 11771 | D:12     | Killed a catoblepas
 11771 | D:12     | Reached skill level 12 in Maces & Flails
 12229 | D:12     | HP: 2/80 [gargoyle/stone arrow (6)]
 12232 | D:12     | Killed from afar by a gargoyle

Levels and vault maps discovered:
D:1:      lemuel_arrival_behind_the_door_large, layout_basic
D:2:      layout_basic, old_standard_altar, lemuel_tele_altar
D:3:      layout_rooms, chequers_temple_overflow_statue_of_worship,
          grunt_gozag_breadcrumbs
D:4:      kennysheep_six_static_rooms, layout_gridville, first_ration,
          uniq_sigmund, uniq_blork_the_orc
D:5:      layout_cave_pods, nicolae_overflow_hidden_temple, serial_rivers,
          chequers_serial_rivers_micro_a, chequers_serial_rivers_micro_a,
          chequers_serial_rivers_marsh, chequers_serial_rivers_small_3
D:6:      layout_basic, nicolae_overflow_crystal_walls, gup_sewer_entry_bowl
D:7:      layout_basic, grunt_temple_overflow_cloverleaf,
          minmay_temple_entry_butterflies, serial_shops, kennysheep_mini,
          uniq_pikel
D:8:      layout_rooms, old_standard_altar, special_room [special_room_orc]
D:9:      layout_small_grid, gammafunk_ghost_spectres, grunt_livestock
D:10:     layout_loops_ring, orc_0_dummy, gammafunk_ghost_hive, uniq_nergalle
D:11:     layout_rooms, lair_entry_dummy
D:12:     minmay_triangles_in_corner, layout_rooms,
          hangedman_cracks_in_the_wall, uniq_urug
Temple:   minmay_temple_forest_path

Skill      XL: |  1  2  3  4  5  6  7  8  9 10 11 12 |
---------------+-------------------------------------+-----
Maces & Flails | 3 5 6 8 10 11 12 | 12.0
Fighting       | 4 5 7 8 9 10 11 | 11.1
Armour         | 4 5 7 8 9 10 11 | 11.1
Dodging        | 2 4 5 |  5.5
Shields        | 5 7 8 |  8.2

Action                   |  1- 3 |  4- 6 |  7- 9 | 10-12 || total
-------------------------+-------+-------+-------+-------++-------
Melee: Flail             |   158 |   221 |   302 |       ||   681
       Morningstar       |       |       |   229 |   883 ||  1112
  Use: Scroll            |       |       |     8 |     5 ||    13
       Potion            |       |       |     2 |     9 ||    11
  Eat: Chunk             |       |     9 |    15 |    16 ||    40
       Ration            |       |       |       |     1 ||     1
Armor: Scale mail        |   111 |   108 |       |       ||   219
       Plate armour      |       |    45 |   569 |   623 ||  1237
Dodge: Dodged            |    62 |    53 |   121 |   188 ||   424
Block: Shield            |   110 |   138 |   296 |   430 ||   974

Table legend:
 A = Non-vault XP
 B = Vault XP
 C = Vault XP percentage of total XP
 D = Non-vault monster count
 E = Vault monster count
 F = Vault count percentage of total count
                 A         B        C        D         E       F
            +---------+---------+-------+---------+---------+-------
      Total |   21205 |    6194 |  22.6 |     265 |      60 |  18.5
            +---------+---------+-------+---------+---------+-------
        D:1 |      54 |       0 |   0.0 |      32 |       0 |   0.0
        D:2 |      56 |       0 |   0.0 |      20 |       0 |   0.0
        D:3 |      66 |       0 |   0.0 |      19 |       0 |   0.0
        D:4 |     226 |     431 |  65.6 |      14 |       7 |  33.3
        D:5 |     213 |       0 |   0.0 |      12 |       0 |   0.0
        D:6 |     442 |       7 |   1.6 |      12 |       4 |  25.0
        D:7 |    1619 |     663 |  29.1 |      28 |       1 |   3.4
        D:8 |     611 |     380 |  38.3 |      14 |      24 |  63.2
        D:9 |     832 |     983 |  54.2 |      17 |       5 |  22.7
       D:10 |    4029 |     804 |  16.6 |      32 |       1 |   3.0
       D:11 |    5859 |       0 |   0.0 |      29 |       0 |   0.0
       D:12 |    7198 |    2783 |  27.9 |      36 |      12 |  25.0
      Sewer |       0 |     143 | 100.0 |       0 |       6 | 100.0
            +---------+---------+-------+---------+---------+-------
